Match 43235911
Unlisted

Match 43235911
End
Selects Panzerjäger Kommand Battlegroup
Selects Blockade Equipment
Panzergrenadier Squad
Panzergrenadier Squad
Panzergrenadier Squad
Construct Light Support Kompanie
Selects Tank Busters
Panzerjäger Squad
Fire Support Elements
le.IG 18 Mechanized Group
Combat Half-tracks
Flakvierling Half-track
Selects Defensive Positions
2.5-tonne Medical Truck
AI Takeover
Starscream
leão são marinho
styx0311
Yossarian
SmeltedElk
la
Blanco
MoriMusic
0
0

Comments sign in to comment!

No comments posted yet!